 Dungeon Crawl Stone Soup version 0.31-a0-848-gaac375c287 (webtiles) character file.

Game seed: 7918171608505296886

3656 DocEon the Thaumaturge (level 9, -1/45 HPs)
             Began as a Deep Elf Conjurer on Oct 4, 2023.
             Shot with an arrow by a centaur (9 damage)
             ... on level 8 of the Dungeon.
             The game lasted 00:09:27 (6378 turns).

DocEon the Thaumaturge (Deep Elf Conjurer)          Turns: 6378, Time: 00:09:28

Health: -1/45      AC:  7    Str: 10    XL:     9   Next: 88%
Magic:  5/27       EV: 12    Int: 30    God:
Gold:   403        SH:  0    Dex: 13    Spells: 14/33 levels left

rFire   . . .        g - +8 sling "Vecoxaf" {speed, Int+2 SInv}
rCold   . . .        (no shield)
rNeg    . . .        a - +0 robe
rPois   .            s - +1 helmet
rElec   .            (no cloak)
rCorr   +            k - +2 pair of gloves
SInv    +            (no boots)
Will    .....        d - amulet of magic regeneration
Stlth   ++           n - +6 ring of strength
HPRegen 0.27/turn    m - ring of resist corrosion
MPRegen 0.60/turn

%: no passive effects
@: no status effects
A: no striking features
a: no special abilities


You were on level 8 of the Dungeon.
You visited 1 branch of the dungeon, and saw 8 of its levels.
You also visited: Sewer.

You collected 403 gold pieces.

Inventory:

Hand Weapons
 g - the +8 sling "Vecoxaf" (weapon) {speed, Int+2 SInv}
   (You found it on level 3 of the Dungeon)

   Int+2:     It affects your intelligence (+2).
   SInv:      It lets you see invisible.
 t - a +5 dagger of draining
Armour
 a - a +0 robe (worn)
 k - a +2 pair of gloves (worn)
 s - a +1 helmet (worn)
Magical Staves
 v - a staff of earth
Jewellery
 d - an amulet of magic regeneration (around neck)
 m - a ring of resist corrosion (right hand)
 n - a +6 ring of strength (left hand)
 x - a ring of flight
 A - a ring of protection from cold
 B - an amulet of reflection
 H - a +6 ring of strength
Wands
 z - a wand of flame (30)
 C - a wand of roots (8)
 G - a wand of paralysis (5)
Scrolls
 o - 3 scrolls of enchant weapon
 q - 2 scrolls of fear
 u - 2 scrolls of silence
 y - 3 scrolls of fog
 D - 2 scrolls of revelation
 E - a scroll of enchant armour
 I - a scroll of teleportation
Potions
 b - a potion of magic
 c - 5 potions of curing
 e - 2 potions of attraction
 f - a potion of brilliance
 h - 2 potions of invisibility
 i - a potion of cancellation {unknown}
 j - a potion of heal wounds {unknown}
 l - 2 potions of berserk rage
 p - 3 potions of enlightenment
 r - 2 potions of mutation
 w - a potion of resistance {unknown}
 F - a potion of haste {unknown}


   Skills:
 - Level 2.6 Dodging
 - Level 2.7 Stealth
 * Level 12.6 Spellcasting
 + Level 8.6 Conjurations
 - Level 5.0 Hexes
 - Level 5.0 Translocations
 + Level 3.4 Ice Magic
 + Level 3.2 Air Magic


You had 14 spell levels left.
You knew the following spells:

 Your Spells              Type           Power      Damage    Failure   Level
a - Magic Dart            Conj           100%       1d8       1%          1
b - Searing Ray           Conj           100%       2d8       1%          2
c - Dazzling Flash        Conj/Hex       100%       N/A       1%          3
d - Fulminant Prism       Conj/Hex       28%        3d14      1%          4
e - Iskenderun's Mystic   Conj/Tloc      56%        2d12      1%          4
f - Freezing Cloud        Conj/Ice/Air   24%        6-21      9%          5

Your spell library contained the following spells:

 Spells                   Type           Power      Damage    Failure   Level
 Blink                    Tloc           98%        N/A       1%          2
 Cigotuvi's Dreadful Rot  Necr/Pois/Air  50%        N/A       2%          2
 Manifold Assault         Tloc           49%        N/A       3%          4
 Ignite Poison            Fire/Tmut/Pois 19%        N/A       8%          3


Dungeon Overview and Level Annotations

Branches:
Dungeon (8/15)              Sewer (visited)
 Temple: D:4-7         Lair: D:8-11

Altars:
Ashenzari
Cheibriados
Fedhas
Hepliaklqana
Kikubaaqudgha
Okawaru
Qazlal
Sif Muna
Uskayaw
Wu Jian
Xom
The Shining One

Annotations:
D:4 2 transporters


Message History

A howler monkey is nearby!
You are too injured to fight recklessly!
You are too injured to fight recklessly!
You are too injured to fight recklessly!
A howler monkey is nearby!
A howler monkey is nearby!
Sorry, you're not good enough to have a special ability.
You are too injured to fight recklessly!
Casting: Iskenderun's Mystic Blast (dangerous; 1% risk of failure)
Confirm with . or Enter, or press ? or * to list all spells.
Aiming: Magic Dart (safe; 1% risk of failure)
Press: ? - help, Shift-Dir - straight line, f - howler monkey
Aim: a howler monkey (100% to hit)
The magic dart hits the howler monkey.
The howler monkey is moderately wounded.
The howler monkey hoots and howls with incredible vigour!
You hear a howl! x2; You hear a shout!
Casting: Magic Dart (safe; 1% risk of failure)
Confirm with . or Enter, or press ? or * to list all spells.
Aiming: Magic Dart (safe; 1% risk of failure)
Press: ? - help, Shift-Dir - straight line, f/p - howler monkey
Aim: a howler monkey (moderately wounded, 100% to hit)
The magic dart hits the howler monkey!
The howler monkey is severely wounded.
Casting: Magic Dart (safe; 1% risk of failure)
Confirm with . or Enter, or press ? or * to list all spells.
Aiming: Magic Dart (safe; 1% risk of failure)
Press: ? - help, Shift-Dir - straight line, f/p - howler monkey
Aim: a howler monkey (severely wounded, 100% to hit)
The magic dart hits the howler monkey.
You kill the howler monkey!
A centaur comes into view.
A howler monkey comes into view.
The centaur wields a +0 orcbow.
The centaur shoots an arrow.
The arrow barely misses you.
The centaur shoots an arrow.
The arrow hits you.
* * * LOW HITPOINT WARNING * * *
The centaur shoots an arrow.
The arrow hits you.
* * * LOW HITPOINT WARNING * * *
The centaur shoots an arrow.
The arrow hits you!
You die...

....................
....................
....................
....................
##+#.......#'######
#.......#...'..#
#.......'...#..#....#
#.......#..##..#....#####
.....####..##@.##.......#
.....#..........#.......#
... #..h.......#.......+
'..........#ยงยง.....#
#..##.####.#........ #.
#c ##.#..## . #....).# '.
#...)#.....# .#
####)##...##


You could see a centaur and a howler monkey.

Vanquished Creatures
  A hornet (D:8)
  A wyvern (D:8)
  5 yaks (D:6)
  A steam dragon (D:8)
  2 water moccasins
  3 orc warriors
  A black bear (D:4)
  2 ice beasts (D:7)
  An ogre (D:6)
  A kobold brigand (D:7)
  5 bullfrogs
  3 scorpions
  3 wights (D:8)
  2 howler monkeys
  5 jellies
  2 hounds
  An orc priest (D:8)
  3 sleepcaps
  6 iguanas
  4 orc wizards
  Robin (D:2)
  A river rat (D:4)
  7 adders
  3 shadow imps
  A white imp (D:6)
  2 ufetubi
  2 worms
  3 dart slugs
  16 orcs
  17 ball pythons
  6 bats
  13 endoplasms
  11 giant cockroaches (Sewer)
  21 goblins
  7 hobgoblins
  4 jackals (D:3)
  13 quokkas
  8 frilled lizards
  12 kobolds
  5 rats
205 creatures vanquished.

Notes
Turn   | Place    | Note
-------+----------+-------------------------------------------
     0 | D:1      | DocEon the Deep Elf Conjurer began the quest for the Orb.
     0 | D:1      | Reached XP level 1. HP: 10/10 MP: 6/6
   202 | D:1      | Reached XP level 2. HP: 15/15 MP: 4/8
   805 | D:2      | Reached skill level 4 in Spellcasting
   805 | D:2      | Reached XP level 3. HP: 19/19 MP: 7/10
   824 | D:2      | Learned a level 3 spell: Dazzling Flash
   827 | D:2      | Learned a level 2 spell: Searing Ray
   972 | D:2      | Identified the +0 spear of Tihiag {flame, rElec rPois
                  | Int-3}
  1077 | D:2      | Noticed Robin
  1118 | D:2      | Killed Robin
  1273 | D:3      | Reached skill level 5 in Conjurations
  1277 | D:3      | Reached XP level 4. HP: 24/24 MP: 8/12
  1402 | D:3      | Learned a level 4 spell: Fulminant Prism
  1466 | D:3      | Reached skill level 5 in Spellcasting
  1689 | D:3      | Found an ancient bone altar of Kikubaaqudgha.
  1941 | D:3      | Identified the +8 sling "Vecoxaf" {speed, Int+2 SInv}
  2097 | D:4      | Found a glowing drain.
  2116 | Sewer    | Entered a sewer
  2349 | Sewer    | Reached XP level 5. HP: 28/28 MP: 11/15
  2387 | Sewer    | Reached skill level 6 in Spellcasting
  2469 | Sewer    | Reached skill level 7 in Spellcasting
  2469 | Sewer    | Reached XP level 6. HP: 20/32 MP: 6/18
  2521 | Sewer    | Learned a level 4 spell: Iskenderun's Mystic Blast
  2575 | D:4      | Found an iron altar of Okawaru.
  2625 | D:4      | Found a shimmering altar of Xom.
  2627 | D:4      | Noticed a water moccasin
  2630 | D:4      | Found a transporter.
  2640 | D:4      | Found a transporter.
  2725 | D:4      | Identified the +0 scale mail of Beyond {rCorr SInv}
  2932 | D:4      | Reached skill level 1 in Hexes
  3060 | D:4      | Reached skill level 1 in Translocations
  3258 | D:4      | Reached XP level 7. HP: 36/36 MP: 17/20
  3361 | D:5      | Entered Level 5 of the Dungeon
  3739 | D:5      | Reached skill level 8 in Spellcasting
  3880 | D:5      | Found a hide-covered altar of Uskayaw.
  3888 | D:5      | Found a shimmering blue altar of Sif Muna.
  3891 | D:5      | Found a hazy altar of Hepliaklqana.
  3891 | D:5      | Found a snail-covered altar of Cheibriados.
  3898 | D:5      | Found an ornate altar of the Wu Jian Council.
  4188 | D:6      | Reached skill level 9 in Spellcasting
  4297 | D:6      | Found a glowing golden altar of the Shining One.
  4336 | D:6      | Reached XP level 8. HP: 41/41 MP: 18/23
  4650 | D:6      | Reached skill level 10 in Spellcasting
  4655 | D:6      | Reached skill level 5 in Hexes
  5015 | D:6      | Reached XP level 9. HP: 36/45 MP: 17/25
  5098 | D:6      | Reached skill level 11 in Spellcasting
  5176 | D:6      | Learned a level 5 spell: Freezing Cloud
  5253 | D:7      | Found a stormy altar of Qazlal.
  5507 | D:7      | Reached skill level 5 in Translocations
  5507 | D:7      | Reached skill level 1 in Ice Magic
  5507 | D:7      | Reached skill level 1 in Air Magic
  5876 | D:7      | Found a broken altar of Ashenzari.
  6128 | D:8      | Reached skill level 12 in Spellcasting
  6344 | D:8      | Found a blossoming altar of Fedhas.
  6378 | D:8      | Shot with an arrow by a centaur

Illustrated notes

Levels and vault maps discovered:
D:1:      roderic_crossed_star, layout_basic, nrook_mini_backslash, nrook_uturn,
          corner_web_ring
D:2:      layout_rooms, uniq_robin
D:3:      layout_loops_ring, mainiacjoe_overflow_brackets
D:4:      kennysheep_six_static_rooms, layout_basic,
          gammafunk_temple_overflow_arena,
          mainiacjoe_overflow_concentric_impassable,
          minmay_temple_entry_from_below_a, cheibrodos_sewer_entry_sluice,
          glass_columns_a
D:5:      layout_basic, nicolae_overflow_hallway_of_the_gods
D:6:      layout_basic, lemuel_doored_altar, minivault_25, nrook_campfire,
          minmay_ogre_servants
D:7:      layout_gridville, mainiacjoe_overflow_alcove_1,
          nicolae_qazlal_general_emergency
D:8:      layout_gridville, nicolae_gozag_zags_fifth_avenue,
          mainiacjoe_overflow_small_starburst

Skill      XL: |  1  2  3  4  5  6  7  8  9 |
---------------+----------------------------+-----
Spellcasting   | 4 5 7 9 10 12 | 12.6
Conjurations   | 5 6 7 8 |  8.6
Hexes          | 2 3 5 |  5.0
Translocations | 1 3 4 5 |  5.0
Ice Magic      | 3 |  3.4
Air Magic      | 3 |  3.2
Dodging        | |  2.6
Stealth        | |  2.7

Action                     |  1- 3 |  4- 6 |  7- 9 || total
---------------------------+-------+-------+-------++-------
   Fire: Sling             |       |    18 |       ||    18
   Cast: Magic Dart        |    55 |   134 |   199 ||   388
         Searing Ray       |     4 |     6 |     8 ||    18
         Dazzling Flash    |       |     2 |       ||     2
         Iskenderun's Myst |       |       |    46 ||    46
    Use: Scroll            |     5 |     5 |    10 ||    20
         Potion            |       |       |     1 ||     1
 Armour: Robe              |     6 |    16 |    49 ||    71
  Dodge: Dodged            |     5 |    30 |    25 ||    60

Table legend: (Time is in decaauts)
 A = Elapsed time spent in this place.
 B = Non-inter-level travel time spent in this place.
 C = Inter-level travel time spent in this place.
 D = Time resting spent in this place.
 E = Time spent auto-exploring this place.
 F = Levels seen in this place.
 G = Mean time per level.
                   A        B        C        D        E       F      G
               +--------+--------+--------+--------+--------+-----+--------+
         Total |   6433 |   6232 |    201 |    751 |   4459 |   9 |  714.8 |
       Dungeon |   5938 |   5737 |    201 |    628 |   4262 |   8 |  742.2 |
         Sewer |    495 |    495 |      0 |    123 |    197 |   1 |  495.0 |
               +--------+--------+--------+--------+--------+-----+--------+

Top non-repeatable levels by time:
     D:6: 1242 daAuts
     D:7: 915 daAuts
     D:3: 851 daAuts
     D:4: 826 daAuts
     D:1: 725 daAuts
     D:5: 589 daAuts
     D:2: 518 daAuts
   Sewer: 495 daAuts
     D:8: 269 daAuts
